 Dungeon Crawl Stone Soup version 0.23.2-40-g277498a001 (webtiles) character file.

Game seed: 7526000247781883380

37 Descartes the Shield-Bearer (level 3, -4/29 HPs)
             Began as a Formicid Abyssal Knight on Oct 1, 2019.
             Was a Follower of Lugonu.
             Killed from afar by a white imp (6 damage)
             ... with a puff of frost
             ... summoned by Natasha
             ... on level 2 of the Dungeon.
             The game lasted 00:02:29 (1030 turns).

Descartes the Shield-Bearer (FoAK)                  Turns: 1030, Time: 00:02:29

Health: -4/29      AC:  5    Str: 17    XL:     3   Next: 62%
Magic:  4/4        EV:  6    Int: 11    God:    Lugonu [*.....]
Gold:   21         SH: 13    Dex: 10    Spells: 2/2 levels left

rFire    . . .     SeeInvis +   a - +1 hand axe
rCold    . . .     Gourm    .   e - +0 large shield
rNeg     . . .     Faith    .   m - +0 ring mail
rPois    .         Spirit   .   (helmet unavailable)
rElec    .         Reflect  .   (no cloak)
rCorr    .         Harm     .   (no gloves)
MR       .....                  (no boots)
Stlth    ..........             (no amulet)
HPRegen  0.09/turn              (no ring)
MPRegen  0.09/turn              (no ring)

@: no status effects
A: permanent stasis, dig shafts and tunnels, four strong arms, antennae 3
a: Dig, Shaft Self, Depart the Abyss, Renounce Religion


You were on level 2 of the Dungeon.
You worshipped Lugonu.
Lugonu was aware of your devotion.
You were not hungry.

You visited 1 branch of the dungeon, and saw 2 of its levels.
You visited the Abyss 1 time.

You collected 21 gold pieces.

Inventory:

Hand Weapons
 a - a +1 hand axe (weapon)
 j - a +3 short sword
Missiles
 d - a throwing net (quivered)
 i - 8 stones
Armour
 b - a +0 leather armour
 e - a +0 large shield (worn)
 m - a +0 ring mail (worn)
Jewellery
 o - an uncursed ring of positive energy {unknown}
Scrolls
 f - 2 scrolls of identify {unknown}
 l - a scroll of remove curse {unknown}
 n - a scroll of blinking {unknown}
Potions
 g - a potion of lignification {unknown}
 k - a potion of ambrosia {unknown}
Comestibles
 c - 4 rations
 h - 4 chunks of flesh


   Skills:
 - Level 3.2 Fighting
 - Level 2.0 Axes
 - Level 2.1 Armour
 - Level 0.8 Dodging
 + Level 3.6 Shields
 - Level 2.1 Invocations


You had 2 spell levels left.
You didn't know any spells.
Your spell library was empty.

Dungeon Overview and Level Annotations

Branches:
Dungeon (2/15)

Altars:

Annotations:
D:2 Natasha


Innate Abilities, Weirdness & Mutations

You cannot be hasted, slowed, berserked, paralysed or teleported.
You can dig through walls and to a lower floor.
Your four strong arms can wield two-handed weapons with a shield.
You have a pair of large antennae on your head. (SInv)


Message History

You kill the adder!
Lugonu accepts your kill. You block the white imp's attack.
You closely miss the white imp. The white imp hits you.
The white imp freezes you.
You hit the white imp.
The white imp is lightly wounded.
Natasha mumbles some strange words.
The white imp hits you. The white imp freezes you.
The white imp gestures at you. The puff of frost hits you!
* * * LOW HITPOINT WARNING * * *
The white imp gestures at you. You block the puff of frost.
The white imp gestures at you. The puff of frost hits you.
* * * LOW HITPOINT WARNING * * *
The white imp gestures at you. The puff of frost hits you.
You die...

#####+#<..#.#.†..#
##...........#.##h#
.......).....####5#
.......†.†...# #5#
.............# #.#
.............# #.#
.............# #.#
##...........####.#
#..............@.#
#................#
.................#
................#
...............#
#...#####.....# ...
#.#.#.# #.....#


You could see Natasha, a white imp and a shadow imp.

Vanquished Creatures
  An adder (D:2)
  2 leopard geckos (D:1)
  2 giant cockroaches (D:1)
  4 goblins (D:1)
  2 hobgoblins
  2 jackals (D:1)
  8 kobolds
  A ball python (D:1)
  A frilled lizard (D:1)
  A quokka skeleton (D:2)
  A rat (D:1)
25 creatures vanquished.

Notes
Turn   | Place    | Note
-------+----------+-------------------------------------------
     0 | Abyss:1  | Descartes the Formicid Abyssal Knight began the quest for
                  | the Orb.
     0 | Abyss:1  | Reached XP level 1. HP: 18/18 MP: 2/2
   105 | D:1      | Escaped the Abyss
   146 | D:1      | Reached skill level 1 in Shields
   263 | D:1      | Reached XP level 2. HP: 24/24 MP: 3/3
   769 | D:1      | Reached XP level 3. HP: 29/29 MP: 4/4
  1011 | D:2      | Noticed Natasha
  1030 | D:2      | Killed from afar by a white imp

Skill      XL: |  1  2 |
---------------+-------+-----
Shields        | 1 3 |  3.6
Fighting       | |  3.2
Axes           | |  2.0
Armour         | |  2.1
Dodging        | |  0.8
Invocations    | |  2.1

Action                   || total
-------------------------++-------
Melee: Hand axe          ||    72
Armor: Leather armour    ||     9
       Ring mail         ||    13
Dodge: Dodged            ||    13
Block: Large shield      ||    41
